 Dungeon Crawl Stone Soup version 0.25.1-2-g60ff931df9 (webtiles) character file.

Game seed: 13553234154577163154

1759 funkygono the Basher (level 8, -3/69 HPs)
             Began as a Minotaur Gladiator on Nov 8, 2020.
             Was a Follower of the Shining One.
             Slain by an orc warrior
             ... wielding a +0 glaive
              (10 damage)
             ... on level 6 of the Dungeon.
             The game lasted 00:11:10 (5948 turns).

funkygono the Basher (Minotaur Gladiator)           Turns: 5948, Time: 00:11:10

Health: -3/69      AC:  7    Str: 21    XL:     8   Next: 79%
Magic:  7/7        EV: 13    Int: 11    God:    the Shining One [*.....]
Gold:   315        SH:  0    Dex: 12    Spells: 7/7 levels left

rFire    . . .     SeeInvis .   C - +1 whip (venom)
rCold    . . .     Gourm    .   (no shield)
rNeg     + . .     Faith    .   F - +0 scale mail
rPois    .         Spirit   .   c - +0 hat
rElec    .         Reflect  .   (no cloak)
rCorr    .         Harm     .   (no gloves)
MR       .....                  (no boots)
Stlth    ..........             (no amulet)
HPRegen  0.21/turn              i - +6 ring of intelligence
MPRegen  0.10/turn              q - ring of positive energy

@: glowing
A: retaliatory headbutt, horns 2
a: Renounce Religion


You were on level 6 of the Dungeon.
You worshipped the Shining One.
The Shining One was aware of your devotion.
You were not hungry.

You visited 2 branches of the dungeon, and saw 7 of its levels.

You collected 315 gold pieces.

Inventory:

Hand Weapons
 v - a +0 hunting sling
 C - a +1 whip of venom (weapon)
 E - a +0 whip of electrocution
 H - a +0 morningstar of distortion
Missiles
 d - 3 throwing nets (quivered)
 e - 51 bolts
 h - 112 stones
 n - 17 sling bullets
 y - 72 arrows
Armour
 c - a +0 hat (worn)
 j - a +0 tower shield
 F - a +0 scale mail (worn)
Jewellery
 i - a +6 ring of intelligence (left hand)
 q - a ring of positive energy (right hand)
Wands
 l - a wand of polymorph (8)
Scrolls
 b - 2 scrolls of teleportation
 g - a scroll of identify
 o - a scroll of enchant weapon {unknown}
 s - 3 scrolls of magic mapping
 D - a scroll of amnesia
Potions
 a - a potion of flight {unknown}
 k - 4 potions of curing
 m - 2 potions of brilliance
 p - 2 potions of mutation
 r - a potion of lignification {unknown}
 t - 2 potions of heal wounds
 u - a potion of invisibility {unknown}
 w - 3 potions of might {unknown}
 x - a potion of haste {unknown}
 z - 2 potions of cancellation
 B - a potion of resistance {unknown}
 G - a potion of berserk rage {unknown}
Comestibles
 f - 11 rations


   Skills:
 + Level 5.5 Fighting
 + Level 9.4 Maces & Flails
 - Level 2.1 Throwing
 + Level 6.9 Armour
 + Level 6.1 Dodging


You had 7 spell levels left.
You didn't know any spells.
Your spell library contained the following spells:

 Spells                   Type           Power        Failure   Level  Hunger
 Corona                   Hex            #......      65%         1    ##.....
 Ensorcelled Hibernation  Hex/Ice        #.....       78%         2    ###....
 Confusing Touch          Hex            #.......     95%         3    ####...
 Dazzling Flash           Conj/Hex       #.....       95%         3    ####...
 Tukima's Dance           Hex            #.......     95%         3    ####...


Dungeon Overview and Level Annotations

Branches:
Dungeon (6/15)             Temple (1/1) D:5

Altars:
Ashenzari
Cheibriados
Dithmenos
Fedhas
Gozag
Hepliaklqana
Kikubaaqudgha
Makhleb
Nemelex Xobeh
Okawaru
Qazlal
Ru
Sif Muna
Uskayaw
Vehumet
Wu Jian
Xom
Yredelemnul
Zin
The Shining One


Innate Abilities, Weirdness & Mutations

You reflexively headbutt those who attack you in melee.
You have a pair of horns on your head.


Message History

The orc warrior hits you with a +0 glaive!!
* * * LOW HITPOINT WARNING * * *
The orc priest miscasts a cantrip.
You hit the orc warrior.
The orc warrior looks as sick as possible!
The orc warrior is moderately wounded.
The orc barely misses you.
You hit the orc warrior but do no damage.
The orc warrior looks as sick as possible!
The orc warrior is heavily wounded.
The worm bites you!
* * * LOW HITPOINT WARNING * * *
The orc warrior barely misses you. You furiously retaliate!
You headbutt the orc warrior, but do no damage.
The orc priest calls upon Beogh to heal the orc.
The orc's wounds heal themselves!
The orc closely misses you.
The orc priest invokes the aid of Beogh against you.
You struggle to resist.
The orc warrior hits you from afar with a +0 glaive!
You die...

......#.....#...##
#.....#.......#
#.###.#.###...#
#.$!..#........
.....#.....#...$#
.### #.###.# ...#
#..$..#....#
#.....#.).....#
#.###.#@###..## #
..#ooo...#
#.....w..##
#.###..)## #.
...#.. .. ..##.##
..## # .# .#


You could see an orc warrior (extremely poisoned), a worm, an orc priest
(poisoned) and an orc.

Vanquished Creatures
  A hornet (D:6)
  Sigmund (D:2)
  Duvessa (D:5)
  An ice beast (D:6)
  2 phantoms
  An ogre (D:5)
  A bullfrog (D:4)
  Dowan (D:5)
  2 scorpions (D:6)
  A howler monkey (D:4)
  A hound (D:5)
  A jelly (D:5)
  2 orc priests (D:6)
  An iguana (D:6)
  4 orc wizards
  3 worker ants
  A hound zombie (D:5)
  A howler monkey zombie (D:5)
  8 gnolls
  9 adders
  A shadow imp (D:5)
  4 oozes
  2 adder skeletons
  2 worms
  3 dart slugs
  2 leopard geckos
  23 orcs
  9 bats
  5 giant cockroaches
  7 goblins
  8 hobgoblins
  22 jackals
  3 quokkas
  6 frilled lizards
  7 kobolds
  2 quokka skeletons (D:5)
  7 rats
156 creatures vanquished.

Notes
Turn   | Place    | Note
-------+----------+-------------------------------------------
     0 | D:1      | funkygono the Minotaur Gladiator began the quest for the
                  | Orb.
     0 | D:1      | Reached XP level 1. HP: 18/18 MP: 0/0
    53 | D:1      | Reached XP level 2. HP: 18/25 MP: 1/1
   200 | D:1      | Reached skill level 4 in Maces & Flails
   677 | D:1      | Reached XP level 3. HP: 30/30 MP: 2/2
  1502 | D:2      | Found a stormy altar of Qazlal.
  1596 | D:2      | Reached skill level 1 in Armour
  1596 | D:2      | Reached XP level 4. HP: 34/37 MP: 3/3
  1730 | D:2      | Noticed Sigmund
  1737 | D:2      | Killed Sigmund
  1737 | D:2      | Reached skill level 5 in Maces & Flails
  1737 | D:2      | Reached XP level 5. HP: 26/45 MP: 4/4
  2412 | D:3      | Reached XP level 6. HP: 51/51 MP: 5/5
  2527 | D:3      | Found a shimmering altar of Xom.
  2531 | D:3      | Found a hazy altar of Hepliaklqana.
  2532 | D:3      | Noticed a spectral ugly thing
  2645 | D:3      | Reached skill level 6 in Maces & Flails
  3416 | D:4      | Reached skill level 5 in Dodging
  3506 | D:4      | Reached XP level 7. HP: 58/58 MP: 6/6
  4038 | D:4      | Found a sparkling altar of Nemelex Xobeh.
  4306 | D:5      | Entered Level 5 of the Dungeon
  4306 | D:5      | Found a staircase to the Ecumenical Temple.
  4312 | D:5      | Reached skill level 7 in Maces & Flails
  4339 | Temple   | Entered the Ecumenical Temple
  4375 | Temple   | Became a worshipper of the Shining One
  4856 | D:5      | Reached * piety under the Shining One
  4856 | D:5      | Reached skill level 5 in Armour
  4978 | D:5      | Noticed Duvessa
  4978 | D:5      | Noticed Dowan
  4989 | D:5      | Killed Duvessa
  4998 | D:5      | Killed Dowan
  5002 | D:5      | Reached skill level 8 in Maces & Flails
  5002 | D:5      | Reached XP level 8. HP: 56/67 MP: 7/7
  5609 | D:6      | Noticed a hornet
  5617 | D:6      | Paralysed by a hornet for 3 turns
  5624 | D:6      | Killed a hornet
  5624 | D:6      | Reached skill level 5 in Fighting
  5652 | D:6      | Reached skill level 9 in Maces & Flails
  5948 | D:6      | Slain by an orc warrior

Illustrated notes

Levels and vault maps discovered:
D:1:      minmay_arrival_floating_metal, layout_basic
D:2:      minmay_razor_zed, layout_basic, nicolae_overflow_crystal_walls,
          uniq_sigmund
D:3:      layout_loops_cross, regret_index_temple_of_mockery, first_ration,
          uniq_grinder
D:4:      layout_cave_pods, nemelex_xobeh_ov_fountains_minmay,
          minmay_starry_boxes
D:5:      layout_loops_cross, minmay_temple_entry_arrows, nrook_campfire,
          uniq_duvessa
D:6:      hangedman_cross_stitches, layout_basic
Temple:   kb_temple_of_zot

Skill      XL: |  1  2  3  4  5  6  7  8 |
---------------+-------------------------+-----
Maces & Flails | 4 5 6 8 9 |  9.4
Dodging        | 4 5 6 |  6.1
Armour         | 1 2 3 4 5 6 |  6.9
Fighting       | 3 4 5 |  5.5
Throwing       | |  2.1

Action                   |  1- 3 |  4- 6 |  7- 9 || total
-------------------------+-------+-------+-------++-------
Melee: Flail             |    58 |   128 |    57 ||   243
       Headbutt          |    11 |    22 |    33 ||    66
       Whip              |       |       |   118 ||   118
  Use: Scroll            |     4 |     5 |     5 ||    14
       Potion            |       |       |     3 ||     3
  Eat: Chunk             |     2 |     6 |     8 ||    16
Armor: Leather armour    |     3 |       |       ||     3
       Ring mail         |    28 |    32 |       ||    60
       Scale mail        |       |     5 |    56 ||    61
Dodge: Dodged            |    54 |    96 |    94 ||   244
